 Dungeon Crawl Stone Soup version 0.31-a0-705-ga145531891 (webtiles) character file.

Game seed: 11710501368874904650

5905 randomguy2701 the Cleaver (level 10, -2/93 HPs)
             Began as a Hill Orc Fighter on Sept 10, 2023.
             Was a Believer of Beogh.
             Slain by an orc
             ... wielding a +0 trident
              (5 damage)
             ... on level 9 of the Dungeon.
             The game lasted 00:10:20 (7791 turns).

randomguy2701 the Cleaver (Hill Orc Fighter)        Turns: 7791, Time: 00:10:21

Health: -2/93      AC: 25    Str: 22    XL:     10   Next: 82%
Magic:  10/10      EV:  6    Int:  8    God:    Beogh [**....]
Gold:   468        SH: 12    Dex: 12    Spells: 9/9 levels left

rFire   . . .        H - +3 hand axe
rCold   + . .        B - +2 kite shield {rC+}
rNeg    . . .        n - +0 plate armour
rPois   .            m - +2 helmet
rElec   .            (no cloak)
rCorr   .            C - +0 pair of gloves
SInv    .            (no boots)
Will    .....        (no amulet) Stlth
                     y - +4 ring of protection
HPRegen 0.35/turn    A - +4 ring of protection
MPRegen 0.12/turn

%: no passive effects
@: no status effects
A: no striking features
a: Renounce Religion, Smiting


You were on level 9 of the Dungeon.
You worshipped Beogh.
Beogh was pleased with you.
You visited 1 branch of the dungeon, and saw 9 of its levels.
You also visited: Sewer.

You collected 468 gold pieces.

Inventory:

Hand Weapons
 u - a +3 whip of electrocution
 H - a +3 hand axe (weapon)
Armour
 m - a +2 helmet (worn)
 n - a +0 plate armour (worn)
 B - a +2 kite shield of cold resistance (worn)
 C - a +0 pair of gloves (worn)
Jewellery
 y - a +4 ring of protection (left hand)
 A - a +4 ring of protection (right hand)
 G - a ring of wizardry
Wands
 a - a wand of roots (5)
 w - a wand of flame (35)
Scrolls
 b - a scroll of immolation {unknown}
 c - a scroll of teleportation {unknown}
 f - a scroll of fog {unknown}
 g - 2 scrolls of blinking
 k - a scroll of identify
 q - a scroll of poison {unknown}
 r - a scroll of brand weapon {unknown}
 s - 2 scrolls of enchant weapon {unknown}
 v - a scroll of vulnerability {unknown}
 E - a scroll of fear {unknown}
 F - a scroll of noise {unknown}
Potions
 d - 2 potions of might
 e - 5 potions of degeneration {unknown}
 h - 4 potions of mutation
 i - a potion of berserk rage
 j - 6 potions of curing
 l - a potion of enlightenment
 o - a potion of magic
 p - a potion of haste
 t - a potion of cancellation {unknown}
 x - 2 potions of lignification
 z - a potion of heal wounds {unknown}
 D - a potion of brilliance {unknown}


   Skills:
 + Level 9.9 Fighting
 + Level 14.5 Axes
 + Level 6.6 Armour
 + Level 1.4 Dodging
 + Level 0.9 Stealth
 + Level 7.3 Shields


You had 9 spell levels left.
You didn't know any spells.
Your spell library contained the following spells:

 Spells                   Type           Power      Damage    Failure   Level
 Necrotise                Necr           0%         1d4       100%        1
 Sandblast                Erth           0%         2d4       100%        1
 Sting                    Tmut/Pois      0%         1d3       100%        1
 Passwall                 Tmut/Erth      0%         N/A       100%        2
 Poisonous Vapours        Pois/Air       0%         N/A       100%        2
 Stone Arrow              Conj/Erth      0%         3d7       100%        3
 Vampiric Draining        Necr           0%         2d6       100%        3
 Olgreb's Toxic Radiance  Pois           0%         N/A       100%        4
 Summon Ice Beast         Ice/Summ       0%         N/A       100%        4
 Agony                    Necr           0%         N/A       100%        5
 Summon Mana Viper        Hex/Summ       0%         N/A       100%        5
 Monstrous Menagerie      Summ           0%         N/A       100%        7


Dungeon Overview and Level Annotations

Branches:
Dungeon (8/15)             Temple (0/1) D:7           Sewer (visited)
   Lair: D:8-11

Altars:
Ashenzari
Dithmenos
Elyvilon
Gozag
Makhleb
Ru
Trog
Vehumet
Yredelemnul
Zin
The Shining One

Shops:
D:1 [


Message History

* * * LOW HITPOINT WARNING * * *
The orc hits you but does no damage. You block the orc priest's attack.
You block the orc's attack.
The orc priest invokes the aid of Beogh against you.
Beogh smites you!
* * * LOW HITPOINT WARNING * * *
You hit the orc priest but do no damage.
The orc priest is moderately wounded.
You hit the orc priest. You hit the orc.
You kill the orc!
Beogh accepts your kill.
The orc hits you from afar with a +0 trident.
* * * LOW HITPOINT WARNING * * *
You block the orc priest's attack.
The orc priest hits you but does no damage.
You closely miss the orc priest.
The orc priest is severely wounded.
You completely miss the orc. You hit the orc priest.
Unknown command.
You closely miss the orc priest.
The orc priest is severely wounded.
You hit the orc. You completely miss the orc priest.
The orc suddenly curses.
The orc hits you from afar with a +0 trident.
* * * LOW HITPOINT WARNING * * *
You block the orc's attack.
The orc priest looks satisfied for a moment.
The orc priest barely misses you.
You barely miss the orc priest.
The orc priest is severely wounded.
You slash the orc priest!
You kill the orc priest!
Beogh accepts your kill.
Beogh appreciates your killing of a heretic priest.
You hit the orc.
You kill the orc!
Beogh accepts your kill.
The orc hits you from afar with a +0 trident.
You die...
Beogh appreciates the orc's killing of a heretic priest.

.. ....###.. #.
......).. ##..
.........
#.........##........
..........##........
#...........o.......
..[......o)o):.....
#....##.##@#
#....##.##)# # #
######....##.##.#.#...#
..........##...........
.......................
######..#.##.####.#.###
#..#.#.... ...#
#................
#.##.#..####..?...


You could see 2 orc priests and an orc.

Vanquished Creatures
  7 yaks
  A steam dragon (D:7)
  Menkaure (D:5)
  Edmund (D:4)
  A water moccasin (D:7)
  An acid dragon (D:6)
  3 ice beasts
  3 orc warriors
  2 black bears (D:6)
  A sky beast (D:7)
  An ogre (D:6)
  5 centaurs
  2 phantoms (D:5)
  Blork the orc (D:5)
  A bullfrog (D:8)
  3 kobold brigands (Sewer)
  2 gnoll sergeants
  3 scorpions
  A water moccasin zombie (D:6)
  12 wights (D:7)
  6 killer bees (D:8)
  A howler monkey (D:7)
  A bullfrog zombie (D:6)
  4 centaur zombies (D:6)
  4 hounds
  2 jellies
  A gnoll bouda (D:5)
  6 orc priests
  Ijyb (D:3)
  6 iguanas
  A sleepcap (D:4)
  Jessica (D:3)
  3 orc wizards
  A howler monkey zombie (D:6)
  Robin (D:3)
  7 adders
  12 gnolls
  A shadow imp (D:6)
  A white imp (D:6)
  An ufetubus (D:5)
  9 worms
  A dart slug (D:1)
  23 orcs
  10 ball pythons
  12 bats
  8 endoplasms
  6 giant cockroaches
  10 goblins
  10 hobgoblins
  6 jackals
  6 quokkas
  3 frilled lizards
  18 kobolds
  7 rats
242 creatures vanquished.

Vanquished Creatures (others)
  An orc wizard (D:4)
1 creature vanquished.

Grand Total: 243 creatures vanquished

Notes
Turn   | Place    | Note
-------+----------+-------------------------------------------
     0 | D:1      | randomguy2701 the Hill Orc Fighter began the quest for the
                  | Orb.
     0 | D:1      | Reached XP level 1. HP: 19/19 MP: 1/1
    29 | D:1      | Found Doutwyn's Armour Shoppe.
    57 | D:1      | Reached XP level 2. HP: 27/27 MP: 2/2
   138 | D:1      | Reached skill level 3 in Axes
   449 | D:1      | Reached XP level 3. HP: 30/33 MP: 3/3
   834 | D:1      | Found a radiant altar of Vehumet.
  1034 | D:2      | Reached skill level 4 in Axes
  1187 | D:2      | Reached XP level 4. HP: 40/40 MP: 4/4
  1474 | D:2      | Found a faded altar of an unknown god.
  2391 | D:3      | Noticed Ijyb
  2405 | D:3      | Killed Ijyb
  2443 | D:3      | Reached XP level 5. HP: 44/47 MP: 5/5
  2470 | D:3      | Found a glowing drain.
  2479 | Sewer    | Entered a sewer
  2578 | Sewer    | Noticed a kobold brigand
  2584 | Sewer    | Killed a kobold brigand
  2585 | Sewer    | Reached skill level 5 in Axes
  2691 | Sewer    | Noticed a kobold brigand
  2706 | Sewer    | Killed a kobold brigand
  2707 | Sewer    | Reached skill level 6 in Axes
  2707 | Sewer    | Reached skill level 1 in Dodging
  2707 | Sewer    | Reached XP level 6. HP: 51/55 MP: 6/6
  3246 | D:3      | Noticed Robin
  3253 | D:3      | Reached skill level 5 in Fighting
  3257 | D:3      | Killed Robin
  3289 | D:3      | Reached skill level 7 in Axes
  3329 | D:3      | Noticed Jessica
  3335 | D:3      | Killed Jessica
  3453 | D:4      | Reached XP level 7. HP: 61/61 MP: 7/7
  3680 | D:4      | Noticed Edmund
  3695 | D:4      | Killed Edmund
  3696 | D:4      | Reached skill level 8 in Axes
  3897 | D:4      | Found a glowing silver altar of Zin.
  3898 | D:4      | Found a white marble altar of Elyvilon.
  3898 | D:4      | Found a glowing golden altar of the Shining One.
  4004 | D:5      | Entered Level 5 of the Dungeon
  4008 | D:5      | Noticed Menkaure
  4014 | D:5      | Killed Menkaure
  4015 | D:5      | Reached skill level 9 in Axes
  4015 | D:5      | Reached XP level 8. HP: 57/70 MP: 8/8
  4029 | D:5      | Noticed Blork the orc
  4044 | D:5      | Killed Blork the orc
  4201 | D:5      | Reached skill level 10 in Axes
  4312 | D:5      | Reached skill level 5 in Armour
  4503 | D:5      | Became a worshipper of Beogh the Brigand
  4905 | D:6      | Reached skill level 11 in Axes
  4909 | D:6      | Found an opulent altar of Gozag.
  4910 | D:6      | Found a shadowy altar of Dithmenos.
  4918 | D:6      | Reached XP level 9. HP: 65/79 MP: 9/9
  5196 | D:6      | Reached * piety under Beogh
  5522 | D:6      | Reached skill level 5 in Shields
  5539 | D:6      | Found a basalt altar of Yredelemnul.
  5546 | D:6      | Reached skill level 12 in Axes
  5762 | D:6      | Found a bloodstained altar of Trog.
  6093 | D:7      | Found a staircase to the Ecumenical Temple.
  6333 | D:7      | Reached skill level 13 in Axes
  6333 | D:7      | Reached XP level 10. HP: 83/90 MP: 10/10
  6415 | D:7      | Found a burning altar of Makhleb.
  6571 | D:7      | Reached ** piety under Beogh
  6958 | D:7      | Found a broken altar of Ashenzari.
  7005 | D:7      | Found a sacrificial altar of Ru.
  7118 | D:8      | Reached skill level 14 in Axes
  7716 | D:8      | You fall into a shaft and drop 1 floor!
  7790 | D:9      | HP: 3/93 [orc/+0 trident (5)]
  7791 | D:9      | Slain by an orc

Illustrated notes

Levels and vault maps discovered:
D:1:      sevenhm_arrival_forest_fort_small_6, layout_basic, serial_shops,
          nicolae_shop_statue_plus
D:2:      layout_basic, shapermc_ecumenical_altar_flowoftime
D:3:      layout_basic, gup_sewer_entry_bubbles, corexii_hall_statues_s,
          uniq_ijyb, uniq_jessica, uniq_robin
D:4:      layout_rooms, dreamdust_divine_triumvirate, uniq_edmund
D:5:      layout_loops_ring, nicolae_wormholes, uniq_blork_the_orc,
          uniq_menkaure
D:6:      layout_loops_cross, nicolae_yredelemnul_corpse_copse,
          lemuel_doored_altar, nicolae_overflow_squiral
D:7:      layout_loops_cross, marbit_many_paths, hangedman_ru_absence,
          mainiacjoe_overflow_concentric_impassable,
          minmay_temple_entry_mini_moons
D:8:      layout_loops_cross, fedhas_altar_4
D:9:      layout_basic, erik_orc_4

Skill      XL: |  1  2  3  4  5  6  7  8  9 10 |
---------------+-------------------------------+-----
Axes           | 3 4 6 7 9 11 13 14 | 14.5
Fighting       | 4 5 6 7 8 9 |  9.9
Armour         | 4 5 6 |  6.6
Dodging        | 1 |  1.4
Shields        | 4 6 7 |  7.3
Stealth        | |  0.9

Action                     |  1- 3 |  4- 6 |  7- 9 | 10-12 || total
---------------------------+-------+-------+-------+-------++-------
  Melee: War axe           |    88 |   212 |   344 |    72 ||   716
         Hand axe          |       |       |       |   148 ||   148
 Invoke: Convert to Beogh  |       |       |     1 |       ||     1
    Use: Scroll            |       |     3 |     3 |     2 ||     8
         Potion            |       |       |       |     2 ||     2
 Armour: Scale mail        |    57 |     9 |       |       ||    66
         Plate armour      |       |   179 |   279 |   153 ||   611
  Dodge: Dodged            |    42 |    57 |    75 |    39 ||   213
  Block: Buckler           |    26 |    39 |    33 |       ||    98
         Kite shield       |       |       |   110 |   113 ||   223

Table legend: (Time is in decaauts)
 A = Elapsed time spent in this place.
 B = Non-inter-level travel time spent in this place.
 C = Inter-level travel time spent in this place.
 D = Time resting spent in this place.
 E = Time spent auto-exploring this place.
 F = Levels seen in this place.
 G = Mean time per level.
                   A        B        C        D        E       F      G
               +--------+--------+--------+--------+--------+-----+--------+
         Total |   7916 |   7274 |    642 |    230 |   5439 |  10 |  791.6 |
       Dungeon |   7476 |   6834 |    642 |    230 |   5188 |   9 |  830.7 |
         Sewer |    439 |    439 |      0 |      0 |    250 |   1 |  439.0 |
               +--------+--------+--------+--------+--------+-----+--------+

Top non-repeatable levels by time:
     D:2: 1280 daAuts
     D:6: 1128 daAuts
     D:3: 1052 daAuts
     D:7: 1031 daAuts
     D:1: 881 daAuts
     D:5: 859 daAuts
     D:4: 597 daAuts
     D:8: 587 daAuts
   Sewer: 439 daAuts
     D:9: 59 daAuts
